AoeStats
← tigremaster

Arabia

508058441Analyzed
3v3 RM · 11d ago on Sep 20, 2026· 82m 46s· 6 players
Game mode
Random Map
Map size
Normal (6 player)
Population
200
Speed
Normal
Resources
Standard
Victory
Conquest
Starting age
Dark Age
Ending age
Imperial Age
RankedLock teamsTeams togetherTeam positionsShared explorationLock speedFull tech treeHidden civsTurbo modeCheats
Victory
Defeat
🇫🇷 Ethiopians · France
1467
+8
🇮🇪 Huns · Ireland
1387
+11
🇦🇷 Khmer · Argentina
1142
+20
🇨🇱 Magyars · Chile
1321
-15
🇨🇱 Britons · Chile
1275
-13
🇨🇱 Italians · Chile
1204
-11
[HK2] Yautja_SS
6:50 Loom
9:31 Feudal Age
10:30 Double-Bit Axe
12:20 Fletching
21:57 Wheelbarrow
25:18 Castle Age
23:42 Gold Mining
24:06 Padded Archer Armor
24:05 Horse Collar
26:00 Bodkin Arrow
25:26 Crossbowman
26:36 Bow Saw
27:53 Ballistics
28:05 Leather Archer Armor
36:55 Yeomen
46:23 Imperial Age
47:25 Bracer
48:27 Chemistry
48:04 Conscription
48:01 Warwolf
48:46 Ring Archer Armor
47:48 Arbalester
59:34 Scale Mail Armor
60:09 Squires
68:10 Pikeman
69:11 Chain Mail Armor
69:07 Forging
69:21 Arson
70:56 Plate Mail Armor
72:07 Iron Casting
[AI] Just4Business
8:54 Feudal Age
9:38 Double-Bit Axe
12:19 Loom
21:07 Bloodlines
21:23 Scale Barding Armor
26:11 Castle Age
27:53 Husbandry
27:41 Light Cavalry
31:52 Bow Saw
34:26 Gold Mining
35:25 Horse Collar
37:08 Gold Shaft Mining
37:20 Wheelbarrow
43:58 Stone Mining
45:25 Hand Cart
50:47 Imperial Age
48:44 Chain Barding Armor
50:33 Heavy Plow
52:11 Plate Barding Armor
51:02 Cavalier
53:39 Conscription
53:41 Fletching
53:44 Paladin
55:02 Town Watch
57:19 Bodkin Arrow
58:05 Bracer
57:34 Elite Magyar Huszar
59:10 Corvinian Army
58:34 Elite Magyar Huszar
60:11 Padded Archer Armor
70:00 Ballistics
70:41 Chemistry
[HK2] CroWent
10:11 Feudal Age
11:08 Loom
13:05 Double-Bit Axe
14:25 Fletching
16:55 Padded Archer Armor
25:57 Castle Age
27:06 Wheelbarrow
26:03 Crossbowman
27:30 Bodkin Arrow
31:04 Leather Archer Armor
32:03 Wheelbarrow
31:59 Gold Mining
35:03 Ballistics
35:50 Bow Saw
36:55 Thumb Ring
42:53 Imperial Age
41:23 Masonry
41:38 Horse Collar
43:15 Heavy Plow
45:08 Chemistry
45:47 Crop Rotation
47:15 Hand Cart
47:38 Bracer
48:08 Ring Archer Armor
47:01 Elite Skirmisher
49:51 Two-Man Saw
52:43 Hoardings
53:48 Architecture
62:58 Arbalester
65:14 Conscription
71:18 Guard Tower
73:02 Murder Holes
74:08 Town Watch
79:50 Husbandry
EweRwoRld
7:47 Loom
9:40 Feudal Age
11:47 Double-Bit Axe
14:02 Forging
20:57 Scale Barding Armor
21:43 Horse Collar
23:04 Bloodlines
24:58 Wheelbarrow
24:17 Gold Mining
27:24 Castle Age
26:02 Wheelbarrow
27:46 Light Cavalry
28:27 Husbandry
29:17 Gold Shaft Mining
28:53 Bow Saw
28:45 Heavy Plow
31:18 Hand Cart
35:32 Chain Barding Armor
42:05 Iron Casting
42:18 Town Watch
44:06 Stone Mining
51:02 Imperial Age
51:36 Cavalier
53:01 Hussar
55:47 Plate Barding Armor
55:39 Town Patrol
56:54 Two-Man Saw
58:57 Caravan
61:01 Paladin
63:41 Blast Furnace
62:42 Scale Mail Armor
62:32 Fletching
63:19 Murder Holes
63:44 Ballistics
67:38 Conscription
Dedpool_Aoe
7:02 Loom
9:18 Feudal Age
10:05 Double-Bit Axe
15:07 Fletching
18:54 Wheelbarrow
22:24 Castle Age
20:55 Padded Archer Armor
20:41 Horse Collar
22:28 Crossbowman
23:15 Bodkin Arrow
24:04 Leather Archer Armor
24:32 Bow Saw
25:59 Ballistics
29:40 Hand Cart
34:09 Elite Skirmisher
39:20 Imperial Age
42:03 Chemistry
43:12 Bracer
44:25 Ring Archer Armor
46:13 Arbalester
46:58 Thumb Ring
56:18 Conscription
56:03 Squires
55:58 Town Watch
56:26 Halberdier
57:11 Scale Mail Armor
57:22 Forging
59:39 Chain Mail Armor
60:01 Iron Casting
59:58 Coinage
61:52 Plate Mail Armor
62:25 Blast Furnace
65:34 Scale Barding Armor
73:26 Onager
tigremaster
7:17 Loom
9:58 Feudal Age
10:48 Double-Bit Axe
18:33 Town Watch
21:57 Horse Collar
32:00 Castle Age
30:42 Fletching
31:06 Padded Archer Armor
35:09 Elite Skirmisher
36:22 Leather Archer Armor
44:59 Pikeman
50:49 Bodkin Arrow
53:46 Wheelbarrow
54:03 Heavy Plow
54:47 Ballistics
57:05 Imperial Age
55:48 Forging
58:15 Bracer
60:13 Crossbowman
64:51 Chemistry
69:25 Light Cavalry
70:44 Ring Archer Armor
70:10 Hussar
72:13 Bloodlines
80:09 Iron Casting
Connection lost

Rejoining the realm…

Still unreachable

The connection could not be restored.

Session expired

The server has moved on; the page needs a fresh start.